 Dungeon Crawl Stone Soup version 0.29-a0-542-g075992c915 (console) character file.

Game seed: 12561384412266398216

87 jejorda2 the Cudgeller (level 4, -4/38 HPs)
             Began as a Palentonga Berserker on June 4, 2022.
             Was a Believer of Trog.
             Slain by Robin
             ... wielding a +0 spear
              (5 damage)
             ... on level 3 of the Dungeon.
             The game lasted 00:05:17 (1760 turns).

jejorda2 the Cudgeller (Palentonga Berserker)       Turns: 1760, Time: 00:05:18

Health: -4/38      AC:  7    Str: 22    XL:     4   Next: 28%
Magic:  4/4        EV:  8    Int:  8    God:    Trog [**....]
Gold:   92         SH:  0    Dex:  9    Spells: 3/3 levels left

rFire   . . .      SeeInvis +   a - +0 mace
rCold   . . .      Faith    .   (no shield)
rNeg    . . .      Spirit   .   k - +0 scale mail
rPois   .          Reflect  .   (no helmet)
rElec   .          Harm     .   h - +0 cloak
rCorr   .          Rampage  .   (no gloves)
Will    .....                   (no barding)
Stlth   ..........              (no amulet)
HPRegen 0.12/turn               (no ring)
MPRegen 0.09/turn               (no ring)

@: mighty, brilliant, on berserk cooldown, slowed, very slow
A: large, rugged brown scales 3, see invisible, deformed body, roll 1, armoured
tail
a: Rolling Charge, Renounce Religion, Berserk, Trog's Hand


You were on level 3 of the Dungeon.
You worshipped Trog.
Trog was pleased with you.
You visited 1 branch of the dungeon, and saw 3 of its levels.

You collected 92 gold pieces.

Inventory:

Hand Weapons
 a - a +0 mace (weapon)
Missiles
 b - 2 poisoned darts
 j - 50 stones
Armour
 h - a +0 cloak (worn)
 k - a +0 scale mail (worn)
Scrolls
 c - 2 scrolls of identify {unknown}
 e - a scroll of blinking {unknown}
 f - 2 scrolls of fear {unknown}
 i - a scroll of vulnerability {unknown}
 m - a scroll of torment {unknown}
Potions
 l - a potion of mutation {unknown}
 n - a potion of flight {unknown}


   Skills:
 + Level 3.6 Fighting
 * Level 4.2 Maces & Flails
 + Level 2.2 Armour
 - Level 1.5 Dodging


You had 3 spell levels left.
You didn't know any spells.
Your spell library was empty.

Dungeon Overview and Level Annotations

Branches:
Dungeon (3/15)

Altars:

Shops:
D:2 (

Annotations:
D:3 Robin


Innate Abilities, Weirdness & Mutations

You are completely covered in rugged brown scales. (AC +3, +7% HP)
You have supernaturally acute eyesight. (SInv)
Armour fits poorly on your strangely shaped body.
You can roll at nearby foes to attack.
You have a long armoured tail.


Message History

Robin hits you from afar with a +0 spear.
* * * LOW HITPOINT WARNING * * *
The hobgoblin barely misses you.
Robin hits you from afar with a +0 spear.
* * * LOW HITPOINT WARNING * * *
Your skin crawls.
You feel strong-willed. The hobgoblin hits you.
* * * LOW HITPOINT WARNING * * *
Robin roars a battlecry!
The hobgoblin goes into a battle-frenzy!
It was a potion of brilliance.
You feel clever all of a sudden. The hobgoblin closely misses you.
Robin hits you but does no damage. x2
The hobgoblin hits you but does no damage.
It was a potion of might.
You feel very mighty all of a sudden.
You feel the effects of Trog's Hand fading.
The hobgoblin closely misses you. Robin hits you but does no damage.
You hit the hobgoblin.
The hobgoblin is almost dead.
Robin hits you from afar with a +0 spear.
* * * LOW HITPOINT WARNING * * *
The hobgoblin hits you but does no damage.
The hobgoblin barely misses you. Robin hits you but does no damage.
You barely miss the hobgoblin.
The hobgoblin is almost dead.
The hobgoblin hits you but does no damage.
Robin closely misses you.
Robin's bangles clink loudly.
Robin hits you but does no damage. The hobgoblin hits you.
* * * LOW HITPOINT WARNING * * *
You barely miss the hobgoblin.
The hobgoblin is almost dead.
Your skin stops crawling.
You feel less strong-willed. The hobgoblin barely misses you.
Robin hits you from afar with a +0 spear.
* * * LOW HITPOINT WARNING * * *
Robin hits you from afar with a +0 spear.
You die...

#########
#######........
............... #.#
#.# #.#
#.#########)########g
#>....)))@gg.........
#.#########.##.......
########.# .....g.
.........# .......
.........# ...g...
#.........# .......
#.........# .......
#.........# .......
.........#


You could see Robin and a hobgoblin (strong).

Vanquished Creatures
  An iguana (D:2)
  An adder (D:2)
  A worm (D:2)
  A dart slug (D:2)
  3 bats
  2 endoplasms (D:2)
  10 goblins (D:3)
  11 hobgoblins
  A quokka (D:2)
  4 ball pythons
  3 frilled lizards
  3 kobolds
  3 rats
44 creatures vanquished.

Notes
Turn   | Place    | Note
-------+----------+-------------------------------------------
     0 | D:1      | jejorda2 the Palentonga Berserker began the quest for the
                  | Orb.
     0 | D:1      | Reached XP level 1. HP: 19/19 MP: 1/1
   598 | D:1      | Reached XP level 2. HP: 25/25 MP: 2/2
   942 | D:2      | Found Haisasotud's Antique Weapon Boutique.
   960 | D:2      | Reached XP level 3. HP: 14/31 MP: 3/3
  1198 | D:2      | Reached skill level 4 in Maces & Flails
  1373 | D:2      | Reached XP level 4. HP: 37/37 MP: 4/4
  1404 | D:2      | Found a faded altar of an unknown god.
  1722 | D:3      | Noticed Robin
  1736 | D:3      | Reached ** piety under Trog
  1760 | D:3      | HP: 1/38 [Robin/+0 spear (4)]
  1760 | D:3      | Slain by Robin

Illustrated notes

Levels and vault maps discovered:
D:1:      elethiomel_arrival_quiet, layout_loops_ring,
          nicolae_figureground_sparkle
D:2:      layout_basic, hellmonk_ecumenical_altar_heavens_door, serial_shops,
          nicolae_shop_crystal
D:3:      layout_basic, elyvilon_altar_4, uniq_robin

Skill      XL: |  1  2  3 |
---------------+----------+-----
Armour         | 2 |  2.2
Maces & Flails | 4 |  4.2
Fighting       | |  3.6
Dodging        | |  1.5

Action                   |  1- 3 |  4- 6 || total
-------------------------+-------+-------++-------
Melee: Mace              |    67 |    41 ||   108
       Tailslap          |     4 |     4 ||     8
       Punch             |       |     1 ||     1
Invok: Berserk           |     1 |     1 ||     2
       Trog's Hand       |       |     1 ||     1
 Abil: Rolling Charge    |    23 |     5 ||    28
  Use: Potion            |       |     2 ||     2
Armor: Ring mail         |    12 |       ||    12
       Scale mail        |     7 |    32 ||    39
Dodge: Dodged            |    16 |    24 ||    40

Table legend: (Time is in decaauts)
 A = Elapsed time spent in this place.
 B = Non-inter-level travel time spent in this place.
 C = Inter-level travel time spent in this place.
 D = Time resting spent in this place.
 E = Time spent auto-exploring this place.
 F = Levels seen in this place.
 G = Mean time per level.
                   A        B        C        D        E       F      G
               +--------+--------+--------+--------+--------+-----+--------+
         Total |   1794 |   1751 |     43 |    226 |   1218 |   3 |  598.0 |
       Dungeon |   1794 |   1751 |     43 |    226 |   1218 |   3 |  598.0 |
               +--------+--------+--------+--------+--------+-----+--------+

Top non-repeatable levels by time:
     D:1: 1172 daAuts
     D:2: 530 daAuts
     D:3: 91 daAuts
